 Dungeon Crawl Stone Soup version 0.25-a0-294-gea9b1ad378 (webtiles) character file.

Game seed: 10497653175810624071, levelgen mode: classic

3990 Borgoz the Basher (level 10, 0/64 HPs)
             Began as a Gargoyle Berserker on Dec 19, 2019.
             Was a High Priest of Trog.
             Shot with an arrow by a centaur (8 damage)
             ... on level 9 of the Dungeon.
             The game lasted 00:10:58 (8764 turns).

Borgoz the Basher (Gargoyle Berserker)              Turns: 8764, Time: 00:10:58

Health: 0/64       AC: 19    Str: 21    XL:     10   Next: 22%
Magic:  0/3        EV: 12    Int:  8    God:    Trog [*****.]
Gold:   385        SH:  0    Dex: 12    Spells: 9/9 levels left

rFire    . . .     SeeInvis +   F - +2 eveningstar (antimagic)
rCold    + . .     Gourm    +   (no shield)
rNeg     + . .     Faith    .   D - +2 scale mail {rC+}
rPois    ∞         Spirit   +   q - +0 helmet
rElec    +         Reflect  .   B - scarf {Spirit}
rCorr    .         Harm     .   (no gloves)
MR       .....                  f - +0 pair of boots
Stlth    ..........             v - amulet of the gourmand
HPRegen  0.20/turn              y - ring of see invisible
MPRegen  0.08/turn              (no ring)

@: berserk cooldown, slowed, very slow
A: negative energy resistance 1, electricity resistance, unbreathing,
petrification resistance, rot immunity, AC +7
a: Berserk, Trog's Hand, Brothers in Arms, Renounce Religion


You were on level 9 of the Dungeon.
You worshipped Trog.
Trog was extremely pleased with you.
You were not hungry.

You visited 1 branch of the dungeon, and saw 9 of its levels.

You collected 385 gold pieces.

Inventory:

Hand Weapons
 A - a +0 morningstar
 F - a +2 antimagic eveningstar (weapon)
Armour
 f - a +0 pair of boots (worn)
 q - a +0 helmet (worn)
 B - a scarf of spirit shield (worn)
 D - a +2 scale mail of cold resistance (worn)
Jewellery
 v - an amulet of the gourmand (around neck)
 y - a ring of see invisible (left hand)
Wands
 s - a wand of random effects (19)
 u - a wand of acid (6)
 C - a wand of disintegration (38)
Scrolls
 a - a scroll of magic mapping {unknown}
 b - a scroll of immolation {unknown}
 e - 4 scrolls of fear
 g - 4 scrolls of amnesia {unknown}
 j - 8 scrolls of identify {unknown}
 l - a scroll of enchant armour {unknown}
 n - 8 scrolls of remove curse {unknown}
 o - a scroll of teleportation {unknown}
 t - 2 scrolls of enchant weapon {unknown}
 x - a scroll of random uselessness {unknown}
 z - a scroll of blinking {unknown}
Potions
 d - 3 potions of flight {unknown}
 h - 3 potions of mutation {unknown}
 i - 3 potions of haste {unknown}
 k - 4 potions of lignification {unknown}
 m - 4 potions of heal wounds {unknown}
 p - 5 potions of curing
 r - a potion of berserk rage {unknown}
 w - a potion of magic {unknown}
 E - a potion of agility {unknown}
Comestibles
 c - 18 rations


   Skills:
 + Level 7.9 Fighting
 + Level 9.5 Maces & Flails
 + Level 7.5 Armour
 + Level 5.7 Dodging


You had 9 spell levels left.
You didn't know any spells.
Your spell library was empty.

Dungeon Overview and Level Annotations

Branches:
Dungeon (9/15)             Temple (0/1) D:4
   Lair: D:8-11         Orc: D:9-12

Altars:
Hepliaklqana
Kikubaaqudgha
Nemelex Xobeh
Qazlal
Vehumet
Xom
The Shining One

Shops:
D:5 *   D:8 (


Innate Abilities, Weirdness & Mutations

You are resistant to torment.
Your stone body is resilient. (AC +7)
You are immune to poison.
You resist negative energy. (rN+)
You are resistant to electric shocks. (rElec)
You can survive without breathing.
You are immune to petrification.
You are immune to rotting.


Message History

The centaur closely misses you.
The centaur hits you but does no damage.
The centaur closely misses you.
The centaur hits you but does no damage.
The centaur closely misses you.
The centaur hits you but does no damage.
The orc warrior hits you with a +0 short sword!
The orc priest miscasts a cantrip.
The orc warrior hits you with a +0 short sword.
* * * LOW HITPOINT WARNING * * *
The centaur hits you but does no damage.
The centaur wields a +0 shortbow.
The centaur shoots an arrow.
The arrow hits you but does no damage.
The orc priest calls down the wrath of Beogh upon you.
Beogh smites you!
* * * LOW HITPOINT WARNING * * *
The centaur shoots an arrow.
The arrow barely misses you.
You see here 2 arrows.
The centaur shoots an arrow.
The arrow hits you!
You die...

#.......# ..
#.......####....
#.......#..#.>..
#...............
#.........8≈≈≈≈≈
#......(#.≈8≈≈≈≈
#ooooo..'.≈≈.'#
#####(.co.o)#.≈≈.#
#...@#####..(.≈≈##
#....# #..........
#....# #....≈≈##..
#....# #....≈≈o#
#....# #....≈≈.+##
#....#####....≈8≈≈≈≈
#.............8≈≈≈≈≈
#..................c
#...................


You could see 3 orc warriors, a centaur, an orc priest and 3 orcs.

Vanquished Creatures
  A hippogriff (D:8)
  Eustachio (D:5)
  2 hungry ghosts
  Duvessa (D:4)
  3 orc warriors
  2 sky beasts (D:7)
  A black bear (D:6)
  2 ice beasts
  A necrophage (D:7)
  2 phantoms (D:5)
  4 ogres (D:7)
  2 centaurs
  3 bullfrogs
  Dowan (D:4)
  A wyvern skeleton (D:8)
  A howler monkey (D:8)
  3 crimson imps
  3 centaur zombies
  2 hounds
  2 jellies
  A centaur skeleton (D:8)
  6 orc priests
  Crazy Yiuf (D:3)
  3 iguanas
  7 orc wizards
  7 worker ants
  3 hell rats (D:6)
  A hound skeleton (D:7)
  Robin (D:3)
  7 gnolls
  8 adders
  4 river rats (D:6)
  A shadow imp (D:5)
  6 oozes
  An adder skeleton (D:7)
  2 adder zombies
  5 worms
  3 dart slugs
  6 leopard geckos
  31 orcs
  7 bats
  10 giant cockroaches
  10 goblins
  5 hobgoblins
  12 jackals
  7 kobolds
  9 quokkas
  A ball python (D:6)
  9 frilled lizards
  A leopard gecko zombie (D:5)
  A quokka zombie (D:5)
  24 rats
238 creatures vanquished.

Notes
Turn   | Place    | Note
-------+----------+-------------------------------------------
     0 | D:1      | Borgoz the Gargoyle Berserker began the quest for the Orb.
     0 | D:1      | Reached XP level 1. HP: 14/14 MP: 1/1
     1 | D:1      | Found a runed translucent door.
   283 | D:1      | Reached XP level 2. HP: 17/19 MP: 2/2
   450 | D:1      | Reached XP level 3. HP: 21/23 MP: 3/3
   578 | D:2      | Reached ** piety under Trog
   878 | D:2      | Reached XP level 4. HP: 25/29 MP: 4/4
  1259 | D:3      | Found a shimmering altar of Xom.
  1422 | D:3      | Reached skill level 4 in Maces & Flails
  1566 | D:3      | Reached XP level 5. HP: 24/33 MP: 5/5
  1927 | D:3      | Found a runed translucent door.
  1928 | D:3      | Noticed Crazy Yiuf
  2004 | D:3      | Noticed Robin
  2020 | D:3      | Reached *** piety under Trog
  2036 | D:3      | Killed Robin
  2419 | D:3      | Killed Crazy Yiuf
  2534 | D:1      | Reached XP level 6. HP: 35/38 MP: 6/6
  2660 | D:4      | Noticed Dowan
  2661 | D:4      | Noticed Duvessa
  2671 | D:4      | Killed Duvessa
  2671 | D:4      | Reached skill level 5 in Maces & Flails
  2677 | D:4      | Killed Dowan
  2753 | D:4      | Found a staircase to the Ecumenical Temple.
  2763 | D:4      | Reached XP level 7. HP: 25/44 MP: 7/7
  3395 | D:5      | Entered Level 5 of the Dungeon
  3427 | D:5      | Found a radiant altar of Vehumet.
  3428 | D:5      | Found a glowing golden altar of the Shining One.
  3429 | D:5      | Found a hazy altar of Hepliaklqana.
  3430 | D:5      | Found Ukiwn's Assorted Antiques.
  3455 | D:5      | Found a stormy altar of Qazlal.
  3460 | D:5      | Reached skill level 5 in Fighting
  3463 | D:5      | Reached skill level 6 in Maces & Flails
  3969 | D:5      | Reached XP level 8. HP: 24/49 MP: 8/8
  4164 | D:5      | Found an ancient bone altar of Kikubaaqudgha.
  4200 | D:5      | Noticed Eustachio
  4213 | D:5      | Killed Eustachio
  4213 | D:5      | Reached skill level 5 in Armour
  4623 | D:6      | Reached skill level 7 in Maces & Flails
  4785 | D:6      | Found the +2 ratskin cloak {+Rats rPois rN+ Str-1 Int-1
                  | Dex+1}
  5160 | D:6      | Reached **** piety under Trog
  5468 | D:6      | Reached XP level 9. HP: 47/56 MP: 9/9
  6114 | D:7      | Reached skill level 8 in Maces & Flails
  6120 | D:7      | Found a sparkling altar of Nemelex Xobeh.
  6612 | D:7      | Reached skill level 5 in Dodging
  7548 | D:8      | Reached skill level 9 in Maces & Flails
  7662 | D:8      | Found Veudwequ's Weapon Emporium.
  7752 | D:8      | Reached ***** piety under Trog
  7752 | D:8      | Received a gift from Trog
  7829 | D:8      | Reached XP level 10. HP: 54/63 MP: 3/10
  8764 | D:9      | Shot with an arrow by a centaur

Levels and vault maps discovered:
D:1:      dpeg_arrival_caged_fury, layout_rooms
D:2:      layout_rooms, nicolae_underground_beach
D:3:      layout_loops_corners, lemuel_crystal_altar, first_ration,
          minmay_stone_trees_small, uniq_crazy_yiuf_cottage, uniq_robin
D:4:      layout_basic, minmay_temple_entry_proselytizer, uniq_duvessa
D:5:      layout_basic, kiku_gazebo_pond_becter,
          chequers_temple_overflow_statue_of_worship, serial_shops,
          nicolae_shop_overgrown_old_shop, grunt_qazlal_sundering,
          uniq_eustachio
D:6:      wander_guarded_unrand_ratskin, layout_basic
D:7:      layout_layer_cave, lemuel_doored_altar, columned_hall_lemuel,
          grunt_decor_mini_mirrors, grunt_ogre_cave, hangedman_decor_opposing,
          hangedman_decor_diamond_cutter, chequers_serial_rivers_room_a,
          serial_park_tiny_2, minmay_door_square
D:8:      layout_loops_corners, serial_shops, kennysheep_mini_moat
D:9:      layout_gridville, cheibrodos_worm_habitat, erik_orc_2, serial_shops,
          shop, shop

Skill      XL: |  1  2  3  4  5  6  7  8  9 |
---------------+----------------------------+-----
Dodging        | 2 3 4 5 |  5.7
Maces & Flails | 4 5 6 7 9 |  9.5
Armour         | 3 4 5 7 |  7.5
Fighting       | 4 5 6 7 |  7.9

Action                   |  1- 3 |  4- 6 |  7- 9 | 10-12 || total
-------------------------+-------+-------+-------+-------++-------
Melee: Mace              |    95 |   225 |   263 |       ||   583
       Morningstar       |       |       |   269 |       ||   269
       Eveningstar       |       |       |     7 |    75 ||    82
Invok: Berserk           |     2 |     4 |     6 |     1 ||    13
       Trog's Hand       |       |     3 |     2 |     1 ||     6
  Use: Scroll            |       |       |     1 |       ||     1
       Potion            |       |       |       |     3 ||     3
  Eat: Chunk             |     2 |    10 |    38 |     2 ||    52
       Ration            |       |       |     3 |     1 ||     4
Armor: Animal skin       |    45 |     8 |       |       ||    53
       Ring mail         |       |   106 |   142 |       ||   248
       Scale mail        |       |       |   149 |    64 ||   213
Dodge: Dodged            |    94 |   152 |   308 |    75 ||   629

Table legend:
 A = Non-vault XP
 B = Vault XP
 C = Vault XP percentage of total XP
 D = Non-vault monster count
 E = Vault monster count
 F = Vault count percentage of total count
                 A         B        C        D         E       F
            +---------+---------+-------+---------+---------+-------
      Total |    4623 |    1077 |  18.9 |     184 |      54 |  22.7
            +---------+---------+-------+---------+---------+-------
        D:1 |      44 |      57 |  56.4 |      26 |      15 |  36.6
        D:2 |      60 |       0 |   0.0 |      20 |       0 |   0.0
        D:3 |     115 |      67 |  36.8 |      24 |       9 |  27.3
        D:4 |     111 |     264 |  70.4 |      11 |       3 |  21.4
        D:5 |     744 |     203 |  21.4 |      16 |       1 |   5.9
        D:6 |     804 |     169 |  17.4 |      18 |      21 |  53.8
        D:7 |    1366 |     122 |   8.2 |      30 |       1 |   3.2
        D:8 |    1202 |       0 |   0.0 |      38 |       0 |   0.0
        D:9 |     177 |     195 |  52.4 |       1 |       4 |  80.0
            +---------+---------+-------+---------+---------+-------
